 Dungeon Crawl Stone Soup version 0.31-a0-354-g827e0957a7 (webtiles) character file.

Game seed: 16409290732287103982

58 Grim the Shooter (level 3, -4/30 HPs)
             Began as a Minotaur Hunter on July 24, 2023.
             Was an Initiate of Makhleb.
             Killed from afar by an orc wizard (5 damage)
             ... with a magic dart
             ... on level 2 of the Dungeon.
             The game lasted 00:01:40 (955 turns).

Grim the Shooter (Minotaur Hunter)                   Turns: 955, Time: 00:01:40

Health: -4/30      AC:  3    Str: 15    XL:     3   Next: 76%
Magic:  2/2        EV: 12    Int:  6    God:    Makhleb [......]
Gold:   33         SH:  0    Dex: 15    Spells: 2/2 levels left

rFire   . . .        b - +0 whip (flame)
rCold   . . .        (no shield)
rNeg    . . .        c - +0 leather armour
rPois   .            (helmet restricted)
rElec   .            (no cloak)
rCorr   .            (no gloves)
SInv    .            (no boots)
Will    .....        (no amulet)
Stlth   +            (no ring)
HPRegen 0.25/turn    (no ring)
MPRegen 0.08/turn

%: no passive effects
@: no status effects
A: horns 2, retaliatory headbutt
a: Renounce Religion


You were on level 2 of the Dungeon.
You worshipped Makhleb.
Makhleb was noncommittal.
You visited 1 branch of the dungeon, and saw 2 of its levels.

You collected 33 gold pieces.

Inventory:

Hand Weapons
 a - a +0 shortbow
 b - a +0 whip of flaming (weapon)
Armour
 c - a +0 leather armour (worn)
Scrolls
 d - a scroll of summoning {unknown}
 e - a scroll of butterflies
 f - 2 scrolls of identify {unknown}
 g - a scroll of fog {unknown}
Potions
 h - a potion of curing {unknown}


   Skills:
 - Level 2.4 Fighting
 * Level 5.9 Ranged Weapons
 - Level 2.1 Dodging
 - Level 0.7 Stealth
 + Level 0.8 Invocations


You had 2 spell levels left.
You didn't know any spells.
Your spell library contained the following spells:

 Spells                   Type           Power      Damage    Failure   Level
 Necrotise                Necr           0%         1d4       52%         1
 Sublimation of Blood     Necr           0%         N/A       67%         2
 Call Canine Familiar     Summ           0%         N/A       88%         3
 Portal Projectile        Hex/Tloc       0%         N/A       88%         3
 Vampiric Draining        Necr           0%         2d6       88%         3
 Leda's Liquefaction      Hex/Erth       0%         N/A       99%         4
 Petrify                  Tmut/Erth      0%         N/A       99%         4
 Agony                    Necr           0%         N/A       100%        5
 Irradiate                Conj/Tmut      0%         3d11      100%        5


Dungeon Overview and Level Annotations

Branches:
Dungeon (2/15)

Altars:
Makhleb


Innate Abilities, Weirdness & Mutations

You have a pair of horns on your head.
You reflexively headbutt those who attack you in melee.


Message History

The orc wizard mumbles some strange words.
The orc wizard flickers and vanishes!
Deactivating autopickup; reactivate with Ctrl-A.
The orc priest closely misses you. You furiously retaliate!
You headbutt the orc priest, but do no damage.
The orc hits you from afar with a +0 trident.
You barely miss the orc priest. You headbutt the orc priest.
The orc priest is lightly wounded.
The orc priest hits you with a +0 short sword.
The orc hits you from afar with a +0 trident.
Unknown command.
You closely miss the orc priest. Your headbutt misses the orc priest.
The orc priest is lightly wounded.
The orc priest hits you with a +0 short sword.
* * * LOW HITPOINT WARNING * * *
The orc priest closely misses you.
Unknown command.
You hit the orc priest but do no damage.
The orc priest is lightly wounded.
The orc priest invokes the aid of Beogh against you.
Beogh smites you!
* * * LOW HITPOINT WARNING * * *
Unknown command.
You closely miss the orc priest. You headbutt the orc priest.
The orc priest is moderately wounded.
Something hits you but does no damage. The orc priest closely misses you.
Unknown command.
You hit the orc priest. You burn the orc priest. You headbutt the orc priest.
The orc priest is heavily wounded.
Something hits you.
* * * LOW HITPOINT WARNING * * *
The orc priest mumbles some strange prayers to Beogh against you.
You barely resist.
The orc priest attacks as you move away!
The orc priest barely misses you. The orc hits you with a +0 hand axe.
* * * LOW HITPOINT WARNING * * *
The orc attacks as you move away! The orc closely misses you.
A magic dart appears from out of thin air!
The magic dart hits you.
You die...

...... #.....[..###
...... #.........[.
..... ##.........## ...
#....####..##
######.#####.#######....
.....o.o...........#.###
......o{####+##.........
#######..............###
#@........._...#
##..............#
.[..............#
..........†.....#
............###.>...
####.........# ##.##.
#.........# #.#
######<#...# #.#
###.#.....#


You could see an orc priest and 2 orcs.

Vanquished Creatures
  An orc wizard (D:2)
  A worm (D:2)
  An orc (D:2)
  3 ball pythons (D:1)
  5 endoplasms (D:1)
  4 jackals (D:1)
  4 kobolds (D:1)
  2 quokkas
  2 bats (D:1)
  4 rats (D:1)
27 creatures vanquished.

Notes
Turn   | Place    | Note
-------+----------+-------------------------------------------
     0 | D:1      | Grim the Minotaur Hunter began the quest for the Orb.
     0 | D:1      | Reached XP level 1. HP: 18/18 MP: 0/0
    56 | D:1      | Reached XP level 2. HP: 23/25 MP: 1/1
   164 | D:1      | Reached skill level 5 in Ranged Weapons
   855 | D:2      | Found a burning altar of Makhleb.
   862 | D:2      | Reached XP level 3. HP: 27/30 MP: 2/2
   884 | D:2      | Became a worshipper of Makhleb the Destroyer
   954 | D:2      | HP: 1/30 [orc/+0 hand axe (6)]
   955 | D:2      | Killed from afar by an orc wizard

Illustrated notes

Levels and vault maps discovered:
D:1:      onia_arrival_handbag, layout_basic, chequers_serial_rivers_small_3
D:2:      cheibrodos_pilgrimage, layout_basic, basic_altar,
          minmay_pentomino_pile

Skill      XL: |  1  2 |
---------------+-------+-----
Ranged Weapons | 5 |  5.9
Fighting       | |  2.4
Dodging        | |  2.1
Stealth        | |  0.7
Invocations    | |  0.8

Action                     || total
---------------------------++-------
  Melee: Whip              ||     6
         Headbutt          ||     3
   Fire: Shortbow          ||    73
 Armour: Leather armour    ||     6
  Dodge: Dodged            ||    18

Table legend: (Time is in decaauts)
 A = Elapsed time spent in this place.
 B = Non-inter-level travel time spent in this place.
 C = Inter-level travel time spent in this place.
 D = Time resting spent in this place.
 E = Time spent auto-exploring this place.
 F = Levels seen in this place.
 G = Mean time per level.
                   A        B        C        D        E       F      G
               +--------+--------+--------+--------+--------+-----+--------+
         Total |    971 |    960 |     11 |      0 |    793 |   2 |  485.5 |
       Dungeon |    971 |    960 |     11 |      0 |    793 |   2 |  485.5 |
               +--------+--------+--------+--------+--------+-----+--------+

Top non-repeatable levels by time:
     D:1: 868 daAuts
     D:2: 103 daAuts
